 Dungeon Crawl Stone Soup version 0.29-a0-397-g846e4a0bbc (webtiles) character file.

Game seed: 4654370314956150460

63 YayAnonymity the Chopper (level 4, 0/39 HPs)
             Began as a Hill Orc Fighter on May 12, 2022.
             Slain by Robin
             ... wielding a +1 dagger of speed
              (2 damage)
             ... on level 2 of the Dungeon.
             The game lasted 00:02:10 (1884 turns).

YayAnonymity the Chopper (Hill Orc Fighter)         Turns: 1884, Time: 00:02:11

Health: 0/39       AC:  6    Str: 20    XL:     4   Next: 9%
Magic:  4/4        EV:  9    Int:  8    God:
Gold:   106        SH:  4    Dex: 10    Spells: 3/3 levels left

rFire   + . .      SeeInvis .   a - +0 war axe
rCold   . . .      Faith    .   c - +0 buckler
rNeg    . . .      Spirit   .   j - +0 scale mail
rPois   .          Reflect  .   (no helmet)
rElec   .          Harm     .   (no cloak)
rCorr   .          Rampage  .   (no gloves)
Will    .....                   (no boots)
Stlth   ..........              (no amulet)
HPRegen 0.13/turn               k - ring of protection from fire
MPRegen 0.09/turn               (no ring)

@: mighty
A: no striking features
a: no special abilities


You were on level 2 of the Dungeon.
You visited 1 branch of the dungeon, and saw 2 of its levels.

You collected 106 gold pieces.

Inventory:

Hand Weapons
 a - a +0 war axe (weapon)
 b - a +2 whip of flaming
Armour
 c - a +0 buckler (worn)
 j - a +0 scale mail (worn)
Jewellery
 k - a ring of protection from fire (left hand)
Scrolls
 e - 4 scrolls of teleportation {unknown}
 h - 2 scrolls of identify {unknown}
 i - a scroll of fog {unknown}
Potions
 d - a potion of might
 f - a potion of magic {unknown}
 g - a potion of attraction {unknown}
 l - 2 potions of heal wounds {unknown}


   Skills:
 - Level 3.6 Fighting
 + Level 5.7 Axes
 - Level 3.2 Armour
 - Level 3.2 Shields


You had 3 spell levels left.
You didn't know any spells.
Your spell library was empty.

Dungeon Overview and Level Annotations

Branches:
Dungeon (2/15)

Altars:
Qazlal

Annotations:
D:2 Robin


Message History

You closely miss the goblin. x2; You barely miss the hobgoblin.
You slash the goblin!
You kill the goblin!
Robin throws the goblin at you! The hobgoblin hits you.
The goblin hits you with a +0 club. The goblin hits you but does no damage.
You slash the hobgoblin!
You kill the hobgoblin!
You slash the goblin!
You kill the goblin!
You barely miss the hobgoblin. You closely miss the goblin.
The hobgoblin hits you but does no damage.
You block Robin's attack. The goblin hits you with a +0 dagger.
The hobgoblin hits you. The goblin hits you with a +0 club.
You are too injured to fight recklessly!
You are too injured to fight recklessly!
Sorry, you're not good enough to have a special ability.
Unknown command.
You feel very mighty all of a sudden. Robin barely misses you.
The goblin hits you with a +0 club. The goblin hits you but does no damage.
The hobgoblin hits you.
* * * LOW HITPOINT WARNING * * *
You are too injured to fight recklessly!
You slash Robin!
Robin is heavily wounded.
You slash the goblin!
You kill the goblin!
You barely miss the hobgoblin. You closely miss the goblin.
Robin hits you with a +1 dagger of speed.
* * * LOW HITPOINT WARNING * * *
The hobgoblin barely misses you. The goblin closely misses you.
Robin hits you with a +1 dagger of speed.
* * * LOW HITPOINT WARNING * * *
You barely miss Robin.
Robin is heavily wounded.
You barely miss the hobgoblin. You slash the goblin!
You kill the goblin!
Robin says, "Bow before me, strongest of all the hobgoblins!"
You block Robin's attack. The hobgoblin closely misses you.
Robin hits you with a +1 dagger of speed.
You die...

##.##...†........ ....
#.......#####+#.##....
#.......# .......
#.....####### ......
#)..........# .....
#....†......# +###...
#...........# .......
#####.)..(..# .......
#@).....# ..#....
#....g)g.....# .......
#....$........ .......
#.)........... #......
#............. #......
#............. .......
#............. #......
#............. #......
##.....


You could see Robin and a hobgoblin (strong).

Vanquished Creatures
  2 adders (D:2)
  A worm (D:2)
  2 ball pythons (D:1)
  3 endoplasms
  2 giant cockroaches
  13 goblins
  4 hobgoblins
  5 kobolds
  2 bats
  3 frilled lizards
  3 rats
40 creatures vanquished.

Vanquished Creatures (others)
  A plant (D:2)
  4 withered plants (D:2)
5 creatures vanquished.

Grand Total: 45 creatures vanquished

Notes
Turn   | Place    | Note
-------+----------+-------------------------------------------
     0 | D:1      | YayAnonymity the Hill Orc Fighter began the quest for the
                  | Orb.
     0 | D:1      | Reached XP level 1. HP: 19/19 MP: 1/1
    98 | D:1      | Reached skill level 3 in Axes
   398 | D:1      | Reached XP level 2. HP: 16/26 MP: 2/2
   702 | D:1      | Reached skill level 4 in Axes
  1354 | D:2      | Found a stormy altar of Qazlal.
  1379 | D:2      | Reached XP level 3. HP: 24/31 MP: 3/3
  1593 | D:2      | Reached skill level 5 in Axes
  1709 | D:2      | Found a faded altar of an unknown god.
  1871 | D:2      | Noticed Robin
  1879 | D:2      | Reached XP level 4. HP: 26/39 MP: 4/4
  1884 | D:2      | Slain by Robin

Illustrated notes

Levels and vault maps discovered:
D:1:      dpeg_arrival_central, layout_loops_ring
D:2:      layout_basic, shapermc_ecumenical_altar_flowoftime, basic_altar,
          chequers_garden, serial_bayou_pond_a, uniq_robin

Skill      XL: |  1  2  3 |
---------------+----------+-----
Axes           | 3 4 5 |  5.7
Fighting       | |  3.6
Armour         | |  3.2
Shields        | |  3.2

Action                   |  1- 3 |  4- 6 || total
-------------------------+-------+-------++-------
Melee: War axe           |    99 |     5 ||   104
       Whip              |     1 |       ||     1
  Use: Potion            |       |     1 ||     1
Armor: Scale mail        |    58 |     3 ||    61
Dodge: Dodged            |    40 |     5 ||    45
Block: Buckler           |    31 |     2 ||    33

Table legend: (Time is in decaauts)
 A = Elapsed time spent in this place.
 B = Non-inter-level travel time spent in this place.
 C = Inter-level travel time spent in this place.
 D = Time resting spent in this place.
 E = Time spent auto-exploring this place.
 F = Levels seen in this place.
 G = Mean time per level.
                   A        B        C        D        E       F      G
               +--------+--------+--------+--------+--------+-----+--------+
         Total |   1916 |   1848 |     68 |    196 |   1347 |   2 |  958.0 |
       Dungeon |   1916 |   1848 |     68 |    196 |   1347 |   2 |  958.0 |
               +--------+--------+--------+--------+--------+-----+--------+

Top non-repeatable levels by time:
     D:1: 1071 daAuts
     D:2: 844 daAuts
